Map: [ESL] Cosmic Sapphire

Players

Nordy

  • Race: Protoss Protoss
  • League: Diamond
  • Spawn Location: 11:00

PiG - Winner!

  • Race: Terran Terran
  • League: Grandmaster
  • Spawn Location: 5:00

VOD

Have the link to the VOD?

Description

Time

  • Played on: July 12, 2022, 8:09 p.m.
  • Length: 9:14
Show
View Real Time Build Order
Export as new Build Order

Nordy Protoss 

Build Orders: 1 Gate Expand, Colossus Rush 

Get SALT Encoding   

  12  0:00  Probe  
  13  0:12  Probe  
  14  0:18  Pylon  
  14  0:24  Probe  
  15  0:36  Gateway  
  15  0:37  Probe (Chrono Boost)  
  16  0:47  Assimilator, Probe (Chrono Boost)  
  17  0:52  Probe (Chrono Boost)  
  18  1:03  Probe  
  19  1:15  Probe  
  20  1:26  Nexus  
  20  1:35  Cybernetics Core  
  20  1:38  Probe  
  21  1:43  Assimilator  
  21  1:50  Probe  
  22  1:58  Pylon  
  22  2:02  Probe  
  23  2:13  Warp Gate  
  23  2:14  Adept (Chrono Boost)  
  23  2:16  Probe  
  26  2:27  Robotics Facility  
  26  2:29  Probe  
  27  2:36  Stalker  
  29  2:40  Probe  
  29  2:41  Probe  
  31  2:52  Probe  
  31  2:53  Probe  
  31  2:55  Gateway  
  33  3:04  Probe  
  33  3:05  Probe  
  35  3:16  Probe  
  35  3:17  Probe  
  37  3:25  Observer  
  38  3:28  Probe  
  38  3:29  Robotics Bay, Probe  
  38  3:31  Pylon  
  42  3:40  Probe  
  43  3:41  Probe  
  42  3:49  Assimilator  
  42  3:51  Assimilator, Observer  
  42  3:53  Probe x2  
  45  4:05  Probe x2  
  47  4:12  Stalker x2  
  47  4:13  Nexus  
  47  4:14  Pylon  
  51  4:28  Colossus (Chrono Boost)  
  51  4:29  Pylon  
  51  4:30  Probe x2  
  59  4:43  Probe x2  
  61  4:51  Pylon  
  61  4:57  Gateway  
  61  4:58  Extended Thermal Lance (Chrono Boost), Twilight Council  
  61  5:00  Gateway  
  61  5:01  Pylon  
  61  5:05  Probe  
  61  5:06  Probe  
  63  5:12  Colossus (Chrono Boost)  
  63  5:18  Probe x2  
  63  5:20  Stalker  
  73  5:25  Probe  
  74  5:30  Shield Battery, Probe x2  
  74  5:31  Charge (Chrono Boost)  
  76  5:36  Pylon  
  76  5:38  Stalker  
  76  5:40  Probe  
  80  5:42  Probe  
  80  5:43  Probe  
  80  5:47  Pylon  
  80  5:48  Stalker  
  83  5:52  Probe  
  83  5:55  Probe  
  85  5:57  Forge  
  85  5:59  Colossus (Chrono Boost)  
  91  6:08  Stalker x2  
  91  6:11  Probe x2  
  97  6:13  Probe  
  97  6:17  Pylon  
  98  6:21  Pylon  
  98  6:23  Probe x2  
  100  6:28  Stalker x2  
  104  6:33  Probe  
  104  6:35  Probe x2  
  107  6:42  Templar Archives  
  107  6:44  Gateway x2  
  107  6:45  Probe  
  108  6:47  Probe x2  
  108  6:48  Assimilator  
  108  6:51  Zealot x2  
  108  6:52  Assimilator  
  114  7:01  Probe x2  
  116  7:02  Protoss Ground Weapons Level 1 (Chrono Boost)  
  116  7:12  Nexus, Pylon  
  116  7:13  Zealot  
  116  7:14  Pylon, Zealot  
  120  7:23  Zealot x2  
  120  7:35  Zealot x2  
  114  7:40  Colossus  
  114  7:42  Zealot x2  
  121  8:00  Zealot x4  
  127  8:16  Pylon  
  127  8:18  Pylon  
  127  8:20  Pylon  
  127  8:29  Nexus  
  127  8:32  Pylon  
  127  8:33  Pylon, Zealot x3  
  127  8:34  Zealot x3  
  98  8:56  Zealot x2  
  98  8:57  Gateway, Zealot x4  
  98  8:59  Gateway  
  98  9:01  Shield Battery  
Show
View Real Time Build Order
Export as new Build Order

PiG Terran - Winner!

Build Orders:  

Get SALT Encoding   

  12  0:00  SCV  
  13  0:13  SCV  
  14  0:17  Supply Depot  
  14  0:25  SCV  
  15  0:39  SCV, Barracks  
  16  0:43  Refinery  
  16  0:51  SCV  
  17  1:03  SCV  
  18  1:15  SCV  
  19  1:27  Barracks Reactor  
  19  1:28  Orbital Command  
  19  1:46  Command Center  
  19  1:54  SCV  
  19  1:55  Supply Depot  
  20  2:04  Marine x2  
  20  2:07  SCV  
  23  2:19  SCV  
  23  2:22  Marine x2  
  26  2:29  Factory  
  26  2:32  Barracks  
  26  2:34  SCV  
  27  2:38  Refinery  
  27  2:46  SCV  
  27  2:47  Marine x2  
  30  2:58  SCV  
  30  3:01  Orbital Command  
  31  3:06  Marine x2  
  33  3:17  SCV  
  34  3:23  Factory Tech Lab, Barracks Tech Lab  
  34  3:27  SCV  
  34  3:30  SCV  
  34  3:32  Supply Depot  
  36  3:39  Marine x2  
  36  3:41  SCV  
  39  3:42  SCV  
  39  3:43  Siege Tank  
  39  3:44  Marine  
  44  3:48  Combat Shield  
  44  3:53  SCV  
  44  3:54  SCV  
  46  3:56  Marine, Supply Depot  
  47  4:05  SCV  
  47  4:06  Marine x2  
  50  4:14  Marine  
  50  4:15  Siege Tank  
  54  4:17  SCV x2, Supply Depot  
  54  4:24  Marine  
  56  4:28  Starport  
  56  4:30  Barracks  
  57  4:32  SCV x2  
  57  4:34  Refinery  
  59  4:41  Supply Depot  
  59  4:43  Marine x3  
  59  4:44  SCV x2  
  64  4:49  Siege Tank  
  67  4:56  SCV x2  
  67  4:58  Engineering Bay  
  69  5:04  Supply Depot, Marine x3  
  69  5:06  Starport Reactor  
  72  5:08  Stimpack  
  72  5:12  SCV x2  
  74  5:21  Barracks Reactor  
  74  5:22  Marine x2  
  74  5:27  Marine, Supply Depot x2, Terran Infantry Weapons Level 1  
  77  5:30  Siege Tank  
  80  5:40  Marine x2  
  82  5:44  Barracks  
  82  5:45  Marine  
  82  5:47  Barracks  
  82  5:49  Medivac  
  85  5:54  Medivac  
  87  5:57  Marine x3  
  87  5:58  Marine  
  87  6:02  Supply Depot  
  87  6:03  Supply Depot, Marine  
  92  6:10  Siege Tank  
  95  6:15  Marine x4  
  99  6:21  Marine  
  99  6:24  Supply Depot  
  99  6:25  Medivac  
  102  6:27  Supply Depot  
  102  6:32  Marine  
  103  6:33  Marine x4  
  103  6:35  Marine  
  108  6:45  Siege Tank  
  108  6:46  Supply Depot  
  108  6:47  Marine  
  111  6:50  Medivac, Marine x3  
  111  6:51  Marine x2  
  111  6:52  Supply Depot  
  119  6:58  Marine  
  120  7:04  Marine  
  120  7:08  Marine x2  
  122  7:13  Marine x3  
  125  7:16  Marine  
  125  7:22  Marine  
  125  7:26  Marine x2  
  126  7:30  Marine  
  126  7:31  Marine x2  
  126  7:34  Marine  
  125  7:40  Marine  
  125  7:42  Siege Tank  
  125  7:43  Viking x2, Marine  
  125  7:44  Marine  
  134  7:48  Marine  
  134  7:49  Marine x2  
  138  7:52  Marine  
  138  7:58  Marine  
  139  8:01  Marine  
  139  8:02  Marine  
  142  8:06  Marine x3  
  142  8:10  Marine  
  146  8:12  Supply Depot  
  146  8:14  Siege Tank  
  146  8:16  Marine  
  146  8:17  Supply Depot  
  150  8:30  Marine x4  
  150  8:31  Marine x2  
  149  8:40  Marine  
  150  8:41  Viking  
  150  8:48  Marine x4  
  144  8:49  Marine x2  
Tags
 
Add a new tag
Caveats
  • Supply blocks, unpowered buildings, or Contaminate may cause inaccurate times.
  • Supply counts are checked every 10 seconds.